 Dungeon Crawl Stone Soup version 0.22.1-1-ga44c0e56f4 (webtiles) character file.

7142 Gargoyl the Basher (level 10, -1/193 HPs)
             Began as a Centaur Abyssal Knight on Oct 30, 2018.
             Was an Elder of Lugonu.
             Slain by a rakshasa (illusionary)
             ... wielding a +0 long sword
              (5 damage)
             ... on level 10 of the Dungeon.
             The game lasted 00:18:35 (9129 turns).

Gargoyl the Basher (Centaur Abyssal Knight)         Turns: 9129, Time: 00:18:36

Health: -1/193     AC: 25    Str: 23    XL:     10   Next: 85%
Magic:  13/15      EV:  1    Int: 11    God:    Lugonu [****..]
Gold:   690        SH:  0    Dex: 11    Spells: 9/9 levels left

rFire    . . .     SeeInvis .   C - +1 broad axe (chop)
rCold    . . .     Gourm    .   (no shield)
rNeg     + + +     Faith    .   (armour currently unavailable)
rPois    +         Spirit   .   (helmet currently unavailable)
rElec    .         Reflect  .   (cloak currently unavailable)
rCorr    .         Harm     .   (gloves currently unavailable)
MR       .....     NoTele   +   (no barding)
Stlth    ..........             (no amulet)
HPRegen  0.42/turn              i - +3 ring of evasion
MPRegen  0.14/turn              x - +2 ring of strength

@: berserking (expiring), tree-form, hasted, very quick
A: large
a: Depart the Abyss, Bend Space, Banish, Corrupt, Renounce Religion


You were on level 10 of the Dungeon.
You worshipped Lugonu.
Lugonu was greatly pleased with you.
You were hungry.
You were a tree.
You visited 1 branch of the dungeon, and saw 10 of its levels.
You visited the Abyss 2 times.

You collected 690 gold pieces.

Inventory:

Hand Weapons
 a - a +1 hand axe
 d - a +4 whip of venom
 C - a +1 broad axe of chopping (weapon)
Missiles
 p - 20 tomahawks (quivered)
Armour
 n - the +2 helmet of Integrity (melded) {Regen+}
   (You took it off Robin on level 2 of the Dungeon)

   It increases your rate of regeneration.
 o - a +0 plate armour (melded)
 s - a +2 cloak (melded)
 t - a +0 pair of gloves (melded)
Jewellery
 i - a +3 ring of evasion (left branch)
 u - an uncursed ring of ice
 w - an uncursed ring of see invisible
 x - a +2 ring of strength (right branch)
Wands
 g - a wand of acid (9)
 h - a wand of flame (19)
 q - a wand of digging (12)
 B - a wand of disintegration (18)
Scrolls
 b - 2 scrolls of magic mapping
 e - 3 scrolls of remove curse
 f - 2 scrolls of identify
 y - a scroll of amnesia
Potions
 j - 2 potions of magic {unknown}
 k - a potion of haste
 l - a potion of lignification
 m - 4 potions of agility
 r - 3 potions of curing
Comestibles
 c - 16 rations


   Skills:
 + Level 7.0 Fighting
 + Level 2.0(5.5) Axes
 + Level 8.2(8.3) Maces & Flails
 + Level 1.1 Throwing
 * Level 7.6 Armour
 + Level 3.1 Dodging
 * Level 7.6 Invocations


You had 9 spell levels left.
You didn't know any spells.
Your spell library contained the following spells:

 Spells                   Type           Power        Failure   Level  Hunger
 Animate Skeleton         Necr           N/A          34%         1    ##.....
 Magic Dart               Conj           #...         34%         1    ##.....
 Pain                     Necr           #...         34%         1    ##.....
 Blink                    Tloc           N/A          47%         2    ###....
 Call Imp                 Summ           #.......     47%         2    ###....
 Slow                     Hex            #.......     47%         2    ###....
 Conjure Flame            Conj/Fire      #.......     71%         3    ####...
 Mephitic Cloud           Conj/Pois/Air  #.......     71%         3    ####...
 Regeneration             Chrm/Necr      #.........   71%         3    ####...
 Vampiric Draining        Necr           #.........   71%         3    ####...
 Animate Dead             Necr           N/A          98%         4    #####..
 Irradiate                Conj/Tmut      #.........   100%        5    ######.
 Hydra Form               Tmut           #.........   100%        6    #######
 Statue Form              Tmut/Erth      #........    100%        6    #######
 Dragon Form              Tmut           #.........   100%        7    #######


Dungeon Overview and Level Annotations

Branches:
Dungeon (10/15)            Temple (0/1) D:7            Lair (0/6) D:10
    Orc (0/2) D:9

Altars:
Fedhas
Gozag
Hepliaklqana
Makhleb
Uskayaw
Vehumet
Zin

Shops:
D:4 *

Annotations:
D:10 Sonja


Innate Abilities, Weirdness & Mutations

((You have hooves in place of feet.))
((Armour fits poorly on your strangely shaped body.))
((You cover ground very quickly.))
((You have extremely tough skin. (AC +3)))


Message History

The rakshasa hits you but does no damage.
Unknown command.
You miss the rakshasa.
The rakshasa is severely wounded.
You barely miss the rakshasa.
The rakshasa hits you with a long sword.
* * * LOW HITPOINT WARNING * * *
The rakshasa hits you but does no damage.
Unknown command.
You closely miss the rakshasa.
The rakshasa is severely wounded.
You closely miss the rakshasa.
The rakshasa hits you with a long sword!
* * * LOW HITPOINT WARNING * * *
Unknown command.
You closely miss the rakshasa.
The rakshasa is severely wounded.
You miss the rakshasa.
The rakshasa hits you with a long sword.
You die...

.≈≈≈.≈.≈≈... #.# .≈≈≈.≈.≈≈...
#.# ≈≈≈≈.≈≈§≈≈.. #.#
.≈≈≈.≈≈§≈≈..### #.#
≈.≈≈.≈§§≈.....# #.###.#
≈≈≈..≈§§≈.....####..##.#
≈≈...≈R≈≈≈....'.###'##'###
≈≈≈..≈.≈≈≈....#..........#
≈≈......≈.≈≈..#.♣R.......#
≈≈..>.≈.≈≈≈...#.R........#######
≈≈≈....≈≈≈....#................#
≈≈.≈.≈.≈≈≈≈...##.........#####.#
≈≈≈ ≈≈≈.....##.........# #.# ≈≈≈
≈≈...## #.........# #.# ≈≈≈
#.........# #.# ≈≈≈ ########..#
#.# ≈≈e ##.#####.#


You could see 2 rakshasas.

Vanquished Creatures
  Fannar (D:10)
  A two-headed ogre (D:8)
  Joseph (D:8)
  2 trolls (D:10)
  Sigmund (D:5)
  2 wraiths (D:10)
  A shadow (D:9)
  4 yaks
  A steam dragon (D:10)
  A hungry ghost (D:9)
  Duvessa (D:4)
  Purgy (D:3)
  3 orc warriors
  3 sky beasts
  3 ice beasts
  A wolf (D:10)
  3 ogres
  A centaur (D:9)
  2 bullfrogs
  A wyvern zombie (D:6)
  A scorpion (D:8)
  Dowan (D:4)
  9 killer bees (D:10)
  3 crimson imps
  Crazy Yiuf (D:3)
  6 orc priests
  5 hounds
  A centaur skeleton (D:6)
  Jessica (D:2)
  4 iguanas
  5 orc wizards
  9 worker ants
  A hound zombie (D:8)
  A worker ant zombie (D:7)
  Robin (D:2)
  15 gnolls
  11 adders
  3 shadow imps
  2 white imps
  2 oozes
  2 adder skeletons
  An adder zombie (D:6)
  4 worms
  4 dart slugs
  2 leopard geckos
  39 orcs
  A ball python (D:3)
  12 bats
  6 giant cockroaches
  10 hobgoblins
  11 jackals
  A quokka (D:5)
  4 frilled lizards
  A giant cockroach zombie (D:6)
  12 goblins
  15 kobolds
  A quokka skeleton (D:6)
  5 rats
247 creatures vanquished.

Vanquished Creatures (others)
  2 electric eels (D:10)
  A fungus (D:4)
3 creatures vanquished.

Grand Total: 250 creatures vanquished

Notes
Turn   | Place    | Note
-------+----------+-------------------------------------------
     0 | Abyss:1  | Gargoyl the Centaur Abyssal Knight began the quest for the
                  | Orb.
     0 | Abyss:1  | Reached XP level 1. HP: 19/19 MP: 2/2
   113 | Abyss:1  | Noticed a tentacled starspawn
   172 | Abyss:3  | Found a corrupted altar of Lugonu.
   176 | Abyss:3  | Noticed a hellion
   219 | Abyss:3  | Noticed a small abomination
   226 | Abyss:3  | Found a deep blue altar of Sif Muna.
   275 | Abyss:4  | Reached XP level 2. HP: 18/26 MP: 3/3
   280 | Abyss:4  | Noticed a thrashing horror
   287 | D:1      | Escaped the Abyss
   345 | D:1      | Reached * piety under Lugonu
   515 | D:1      | Reached XP level 3. HP: 33/33 MP: 4/4
   961 | D:1      | Reached skill level 1 in Dodging
  1119 | D:2      | Reached skill level 1 in Maces & Flails
  1119 | D:2      | Reached XP level 4. HP: 27/40 MP: 5/5
  1133 | D:2      | HP: 3/60 [bat (1)]
  1534 | D:2      | Found a hide-covered altar of Uskayaw.
  1537 | D:2      | Noticed Jessica
  1579 | D:1      | Reached ** piety under Lugonu
  1767 | D:2      | Reached XP level 5. HP: 46/46 MP: 6/6
  1772 | D:2      | Killed Jessica
  1913 | D:2      | Noticed Robin
  1920 | D:2      | Killed Robin
  2142 | D:2      | Got a crude helmet
  2148 | D:2      | Identified the +2 helmet of Integrity {Regen+} (You took it
                  | off Robin on level 2 of the Dungeon)
  2278 | D:2      | Reached skill level 2 in Maces & Flails
  2515 | D:3      | Noticed Purgy
  2547 | D:3      | Killed Purgy
  2547 | D:3      | Reached XP level 6. HP: 41/52 MP: 8/8
  2609 | D:3      | Reached *** piety under Lugonu
  3005 | D:3      | Reached skill level 3 in Maces & Flails
  3392 | D:3      | Found a runed door.
  3396 | D:3      | Noticed Crazy Yiuf
  3403 | D:3      | Killed Crazy Yiuf
  3403 | D:3      | Reached XP level 7. HP: 55/59 MP: 9/9
  3479 | D:4      | Found an opulent altar of Gozag.
  3481 | D:4      | Found Gozag's Platinum Reserve.
  3670 | D:4      | Found a blossoming altar of Fedhas.
  3675 | D:4      | Noticed Dowan
  3677 | D:4      | Noticed Duvessa
  3701 | D:4      | Killed Dowan
  3716 | D:4      | Killed Duvessa
  4037 | D:4      | Found a radiant altar of Vehumet.
  4039 | D:4      | Found a hazy altar of Hepliaklqana.
  4173 | D:5      | Entered Level 5 of the Dungeon
  4185 | D:4      | Reached skill level 4 in Maces & Flails
  4279 | D:5      | Reached **** piety under Lugonu
  4370 | D:5      | Reached XP level 8. HP: 45/67 MP: 11/11
  4753 | D:5      | Noticed Sigmund
  4772 | D:5      | Killed Sigmund
  4954 | D:5      | Reached skill level 5 in Fighting
  5416 | D:6      | Reached skill level 5 in Invocations
  5427 | D:6      | Reached skill level 5 in Maces & Flails
  5487 | D:6      | Found a hazy altar of Hepliaklqana.
  6073 | D:7      | Found a staircase to the Ecumenical Temple.
  6100 | D:7      | Reached skill level 5 in Armour
  6134 | D:7      | Reached skill level 1 in Throwing
  6134 | D:7      | Reached XP level 9. HP: 70/74 MP: 13/13
  6432 | D:8      | Noticed Joseph
  6454 | D:8      | Killed Joseph
  6454 | D:8      | Reached skill level 6 in Maces & Flails
  6492 | D:8      | Noticed a two-headed ogre
  6505 | D:8      | Killed a two-headed ogre
  6978 | D:8      | Noticed a blizzard demon
  6979 | D:8      | Found a burning altar of Makhleb.
  6987 | D:8      | Found a glowing silver altar of Zin.
  6987 | D:8      | Noticed an angel
  7224 | D:9      | Found a staircase to the Orcish Mines.
  7255 | D:9      | Reached skill level 7 in Maces & Flails
  7307 | D:8      | Reached ***** piety under Lugonu
  7479 | D:9      | Reached XP level 10. HP: 64/83 MP: 14/14
  7785 | D:10     | Entered Level 10 of the Dungeon
  8044 | D:10     | Noticed Fannar
  8249 | D:10     | Noticed Sonja
  8415 | D:10     | Noticed a rakshasa
  8599 | D:10     | Cast into level 1 of the Abyss (Sonja)
  8669 | Abyss:1  | Noticed a wretched star
  8670 | D:10     | Escaped the Abyss
  8691 | D:10     | Found a staircase to the Lair.
  8717 | D:10     | Reached skill level 8 in Maces & Flails
  8847 | D:10     | Killed Fannar
  9119 | D:10     | HP: 3/129 [rakshasa/long sword (9)]
  9128 | D:10     | HP: 4/193 [rakshasa/long sword (9)]
  9129 | D:10     | Slain by a rakshasa (illusionary)

Skill      XL: |  1  2  3  4  5  6  7  8  9 10 |
---------------+-------------------------------+-----
Axes           | 2 |  2.0
Dodging        | 1 2 3 |  3.1
Maces & Flails | 1 2 3 4 5 7 8 |  8.2
Armour         | 2 3 4 5 6 7 |  7.6
Fighting       | 4 5 7 |  7.0
Invocations    | 3 4 5 6 7 |  7.6
Throwing       | 1 |  1.1

Action                   |  1- 3 |  4- 6 |  7- 9 | 10-12 || total
-------------------------+-------+-------+-------+-------++-------
Melee: Whip              |    68 |   201 |   378 |   310 ||   957
       Kick              |    12 |    40 |   103 |    81 ||   236
       Broad axe         |       |       |       |    16 ||    16
Throw: Tomahawk          |       |       |     3 |     3 ||     6
Invok: Depart the Abyss  |     1 |       |       |     1 ||     2
       Banish            |       |       |       |     2 ||     2
       Bend Space        |       |       |       |     1 ||     1
  Use: Scroll            |     3 |     7 |     9 |     1 ||    20
       Potion            |     1 |     4 |       |     7 ||    12
 Stab: Invisible         |       |     1 |       |       ||     1
  Eat: Chunk             |       |     6 |     7 |     7 ||    20
       Ration            |       |       |     1 |     1 ||     2
Armor: Leather armour    |     2 |       |       |       ||     2
       Ring mail         |    27 |   109 |    85 |       ||   221
       Skin              |       |    24 |       |    26 ||    50
       Plate armour      |       |       |    68 |   242 ||   310
Dodge: Dodged            |    42 |   152 |   202 |   113 ||   509
